 Dungeon Crawl Stone Soup version 0.30-a0-368-g86fb4627a9 (webtiles) character file.

Game seed: 5950059054019339016

107 sanka the Shooter (level 4, 0/24 HPs)
             Began as a Deep Elf Hexslinger on Nov 18, 2022.
             Succumbed to Robin's poison
             ... on level 2 of the Dungeon.
             The game lasted 00:03:31 (1242 turns).

sanka the Shooter (Deep Elf Hexslinger)             Turns: 1242, Time: 00:03:32

Health: 0/24       AC:  8    Str:  7    XL:     4   Next: 56%
Magic:  8/8        EV: 12    Int: 18    God:
Gold:   59         SH:  0    Dex: 17    Spells: 5/6 levels left

rFire   + + .      SeeInvis .    a - +1 sling
rCold   + . .      Faith    .    (no shield)
rNeg    . . .      Spirit   .    k - +2 leather armour {rF+}
rPois   +          Reflect  .    (no helmet)
rElec   +          Harm     .    m - +0 cloak
rCorr   +          Rampage  .    i - +0 pair of gloves
Will    .....                    n - +0 pair of boots
Stlth   +.........               (no amulet)
HPRegen 0.24/turn                (no ring)
MPRegen 0.11/turn                (no ring)

@: mighty, lethally poisoned (0 -> -3), resistant, flying
A: no striking features
a: no special abilities


You were on level 2 of the Dungeon.
You visited 1 branch of the dungeon, and saw 2 of its levels.

You collected 59 gold pieces.


   Skills:
 - Level 0.7 Fighting
 + Level 6.5 Ranged Weapons
 - Level 2.4 Dodging
 - Level 1.5 Spellcasting
 - Level 4.0 Hexes


You had 5 spell levels left.
You knew the following spells:

 Your Spells              Type           Power      Damage    Failure   Level
z - Slow                  Hex            60%        N/A       5%          1

Your spell library contained the following spells:

 Spells                   Type           Power      Damage    Failure   Level
 Inner Flame              Hex/Fire       8%         N/A       36%         3
 Portal Projectile        Hex/Tloc       16%        N/A       36%         3
 Cause Fear               Hex            7%         N/A       50%         4

Inventory:

Hand Weapons
 a - a +1 sling (weapon)
Armour
 c - a +0 robe
 i - a +0 pair of gloves (worn)
 k - a +2 leather armour of fire resistance (worn)
 m - a +0 cloak (worn)
 n - a +0 pair of boots (worn)
Scrolls
 b - a scroll of poison {!r}
 d - 4 scrolls of identify {unknown}
 f - a scroll of blinking {unknown}
 g - 2 scrolls of teleportation {unknown}
 j - a scroll of summoning {unknown}
Potions
 e - 2 potions of might
 h - a potion of flight

Dungeon Overview and Level Annotations

Branches:
Dungeon (2/15)

Altars:

Shops:
D:1 [([:

▒▒▒▒▒▒▒▒▒ ▒.......▒
▒▒▒▒ ▒.▒▒▒▒▒.▒
..▒▒▒▒▒.▒▒▒▒▒.▒ ▒
▒.▒..).g...▒▒.▒▒▒
▒.▒▒▒▒.▒.▒▒▒g▒▒.....>▒
▒▒.▒......▒
▒.e)....▒.▒
▒......g▒▒▒
▒▒▒▒▒▒▒▒▒.▒▒▒▒▒
▒..▒.▒▒.▒ ▒.....▒
▒.......▒ ▒▒▒▒▒.▒
▒.▒▒...g▒ ▒.▒
▒.▒▒▒▒..▒ ▒.▒
▒.......▒ ▒.▒
▒▒▒▒▒▒g▒▒ ▒.▒ ).▒
...... ▒.▒


You could see 2 goblins.


Message History

You kill Robin!
* * * LOW HITPOINT WARNING * * *
You feel very sick. The goblin misses you.
Unknown command.
It was a potion of might.
You feel very mighty all of a sudden.
* * * LOW HITPOINT WARNING * * *
You feel sick. The goblin hits you with a +0 club.
* * * LOW HITPOINT WARNING * * *
A goblin comes into view. It is wielding a +0 club.
Unknown command.
Unknown command.
It was a potion of flight.
You feel very buoyant.
You fly up into the air.
* * * LOW HITPOINT WARNING * * *
You feel sick. The goblin barely misses you.
Unknown command.
Unknown command.
It was a potion of resistance.
You feel protected.
* * * LOW HITPOINT WARNING * * *
You feel sick. The goblin hits you but does no damage.
You shoot a sling bullet.
The sling bullet hits the goblin but does no damage.
You die...

Action                   |  1- 3 |  4- 6 || total
-------------------------+-------+-------++-------
 Fire: Sling             |    79 |    31 ||   110
  Use: Potion            |       |     3 ||     3
Armor: Leather armour    |    12 |    13 ||    25
Dodge: Dodged            |    22 |    16 ||    38

Levels and vault maps discovered:
D:1:      dpeg_arrival_rhombi, layout_loops_ring,
          shapermc_ecumenical_altar_mp_ritualfount, serial_shops, shop_statue,
          shop, shop_statue, shop, hangedman_decor_clover_reticule
D:2:      layout_loops_cross, serial_shops, nicolae_shop_hallway_stairs,
          uniq_jessica, uniq_robin

Notes
Turn   | Place    | Note
-------+----------+-------------------------------------------
     0 | D:1      | sanka the Deep Elf Hexslinger began the quest for the Orb.
     0 | D:1      | Reached XP level 1. HP: 11/11 MP: 5/5
    90 | D:1      | Reached skill level 3 in Ranged Weapons
   174 | D:1      | Found a faded altar of an unknown god.
   234 | D:1      | Found Isufres's Weapon Shoppe.
   254 | D:1      | Found Utia's Armour Boutique.
   290 | D:1      | Found Tiliph's Antique Armour Emporium.
   299 | D:1      | Reached XP level 2. HP: 16/16 MP: 6/6
   382 | D:1      | Reached skill level 4 in Ranged Weapons
   527 | D:1      | Found Uguja's Book Shoppe.
   872 | D:2      | Reached XP level 3. HP: 17/20 MP: 7/7
   977 | D:2      | Reached skill level 5 in Ranged Weapons
  1099 | D:2      | Noticed Jessica
  1106 | D:2      | Killed Jessica
  1107 | D:2      | Reached XP level 4. HP: 20/24 MP: 8/8
  1149 | D:2      | Reached skill level 6 in Ranged Weapons
  1213 | D:2      | Noticed Robin
  1238 | D:2      | Killed Robin
  1240 | D:2      | HP: 2/24 [poisoned by Robin]
  1241 | D:2      | Identified a potion of resistance
  1242 | D:2      | Succumbed to Robin's poison

Vanquished Creatures
  Jessica (D:2)
  Robin (D:2)
  3 adders (D:2)
  A worm (D:2)
  A dart slug (D:1)
  5 bats
  An endoplasm (D:1)
  3 giant cockroaches
  6 goblins (D:2)
  4 hobgoblins
  3 kobolds
  5 ball pythons
  A frilled lizard (D:2)
  5 rats
40 creatures vanquished.
